[Event "Early-Titled-Tuesday-Blitz-October-17-2023"]
[Site "Chess.com"]
[Date "2023.10.17"]
[Round "11"]
[White "DarZay"]
[Black "KatakuriDono"]
[Result "1-0"]
[WhiteElo "2233"]
[BlackElo "2363"]
[TimeControl "180+1"]
[EndTime "10:08:38 PDT"]
[Termination "DarZay won by checkmate"]

1. e4 e5 2. Nf3 Nc6 3. Bc4 Nf6 4. d3 Be7 5. c3 O-O 6. Bb3 d5 7. Qe2 a5 8. a4 d4 9. Nbd2 Bg4 10. h3 Bxf3 11.
Nxf3 Qd6 12. Nh4 g6 13. Bh6 Rfd8 14. Rd1 dxc3 15. bxc3 Qa3 16. Qa2 Qxa2 17. Bxa2 Nxe4 18. Nxg6 hxg6 19. dxe4 Rxd1+ 20. Kxd1 Rd8+ 21. Ke2 g5 22. h4 gxh4 23. g3 hxg3 24. fxg3 Bf6 25. g4 Ne7 26. Rf1 Rd6 27. g5 Rb6 28. gxf6 Ng6 29. Bc4 Rb2+ 30.
Kd3 Rh2 31. Be3 Rh3 32. Rg1 Kf8 33. Kd2 Rh2+ 34. Be2 Ke8 35. c4 Kd7 36. c5 Ke6 37.
Rf1 Nh4 38. Rf2 Rxf2 39. Bxf2 Ng2 40. Bf3 Nf4 41. Bh4 Ng6 42. Bg4# 1-0

[Event "Early-Titled-Tuesday-Blitz-October-17-2023"]
[Site "Chess.com"]
[Date "2023.10.17"]
[Round "11"]
[White "TigrVShlyape"]
[Black "N4700000"]
[Result "1-0"]
[WhiteElo "2822"]
[BlackElo "2536"]
[TimeControl "180+1"]
[EndTime "10:08:39 PDT"]
[Termination "TigrVShlyape won on time"]

1. d4 Nf6 2. Nf3 g6 3. c3 Bg7 4. Bg5 O-O 5. Nbd2 d5 6. e3 b6 7. Be2 c5 8. O-O Nc6 9. Qb3 c4 10. Qa3 b5 11. b3 Bf5 12. bxc4 bxc4 13. Rfe1 Qc7 14. Bf4 Qa5 15. Qxa5 Nxa5 16. Ne5 Rfb8 17. g4 Bc2 18. g5 Ne4 19. Nxe4 Bxe4 20. f3 Bc2 21. e4 e6 22. Bd1 Bxd1 23. Raxd1 Rb2 24. Rb1 Rab8 25. Rxb2 Rxb2 26. exd5 exd5 27. Nd7 1-0

[Event "Early-Titled-Tuesday-Blitz-October-17-2023"]
[Site "Chess.com"]
[Date "2023.10.17"]
[Round "11"]
[White "wonderfultime"]
[Black "Witik"]
[Result "1-0"]
[WhiteElo "2978"]
[BlackElo "2821"]
[TimeControl "180+1"]
[EndTime "10:08:40 PDT"]
[Termination "wonderfultime won by resignation"]

1. d4 Nf6 2. Nf3 g6 3. Bg5 Bg7 4. c3 d5 5. Nbd2 O-O 6. e3 Nbd7 7. Bd3 Re8 8. O-O e5 9. e4 exd4 10. cxd4 dxe4 11. Nxe4 h6 12. Qb3 Qe7 13. Rae1 Qf8 14.
Nxf6+ Nxf6 15. Bxf6 Bxf6 16. Bxg6 Be6 17. d5 Bd7 18. Bc2 b6 19. Nd2 Qg7 20. Ne4 Bxb2 21. Re3 Be5 22. Kh1 Kh8 23. f4 Bd6 24. Rg3 Qd4 25.
Qf3 Rg8 26. Qh5 Rxg3 27. Qxh6+ Kg8 28. hxg3 Qg7 29. Nf6+ Kf8 30. Nxd7+ 1-0

[Event "Early-Titled-Tuesday-Blitz-October-17-2023"]
[Site "Chess.com"]
[Date "2023.10.17"]
[Round "11"]
[White "FunnyDuck66"]
[Black "karinachess1"]
[Result "1-0"]
[WhiteElo "2509"]
[BlackElo "2603"]
[TimeControl "180+1"]
[EndTime "10:08:41 PDT"]
[Termination "FunnyDuck66 won by resignation"]

1. d4 Nf6 2. Nf3 e6 3. Bg5 d5 4. Nbd2 Be7 5. e3 O-O 6. Bd3 c5 7. c3 b6 8. O-O Ba6 9. Bxa6 Nxa6 10. Ne5 Nb8 11. f4 Ne4 12. Bxe7 Qxe7 13. Nxe4 dxe4 14.
Qc2 Qb7 15. Nc4 cxd4 16. exd4 f5 17. Ne3 Nd7 18. Qb3 Rae8 19. Rad1 Kh8 20. a4 Qc8 21. a5 Qc6 22. Qb4 Rb8 23. a6 Nf6 24. c4 Rbd8 25.
Rd2 Rd7 26. Qxf8+ Ng8 27. Qb4 Qc8 28. d5 exd5 29. Nxd5 Qxa6 30. Rfd1 Qb7 31. Qf8 Rf7 32. Qe8 h6 33. Ne3 Re7 34. Qg6 Qc7 35. Rd8 Qc5 36.
Rxg8+ Kxg8 37. Rd8+ Re8 38. Rxe8+ 1-0

[Event "Early-Titled-Tuesday-Blitz-October-17-2023"]
[Site "Chess.com"]
[Date "2023.10.17"]
[Round "11"]
[White "stollenmonster"]
[Black "Keeper0416"]
[Result "1-0"]
[WhiteElo "2790"]
[BlackElo "2606"]
[TimeControl "180+1"]
[EndTime "10:08:43 PDT"]
[Termination "stollenmonster won by resignation"]

1. e4 c5 2. Nf3 d6 3. d4 cxd4 4.
Nxd4 Nf6 5. Nc3 a6 6. a4 e5 7. Nde2 Be7 8. g3 O-O 9. Bg2 Be6 10. h3 Nc6 11. Nd5 Rc8 12. O-O Na5 13. Ra2 Nxd5 14. exd5 Bf5 15. b3 b6 16. Be3 Nb7 17. c4 a5 18. g4 Bg6 19. f4 f6 20. Ng3 Nc5 21. f5 Bf7 22. h4 Kh8 23. Ne4 Rg8 24. Bf3 g6 25. fxg6 Bxg6 26. Bxc5 bxc5 27. Rg2 f5 28.
gxf5 Bxf5 29. Kh2 Qd7 30. Qe1 Rxg2+ 31. Bxg2 Rg8 32. Qf2 Bg6 33. Nf6 Bxf6 34. Qxf6+ Rg7 35. Bh3 Qe8 36. Qxd6 Be4 1-0

[Event "Early-Titled-Tuesday-Blitz-October-17-2023"]
[Site "Chess.com"]
[Date "2023.10.17"]
[Round "11"]
[White "Semetey"]
[Black "MDBIchess"]
[Result "1-0"]
[WhiteElo "2547"]
[BlackElo "2393"]
[TimeControl "180+1"]
[EndTime "10:08:43 PDT"]
[Termination "Semetey won by resignation"]

1. a3 d5 2. d4 Nf6 3. Nc3 Bf5 4.
Bf4 e6 5. Nb5 Bd6 6. Nxd6+ cxd6 7.
e3 O-O 8. Nf3 Nc6 9. c3 Re8 10.
Be2 e5 11. Bg5 h6 12. Bh4 g5 13. Bg3 Qb6 14. b4 Ne4 15. Rc1 Rac8 16. Nd2 a5 17. b5 Na7 18. Nxe4 Bxe4 19. a4 Rcd8 20. h4 Bxg2 21. Rh2 Be4 22. hxg5 hxg5 23. Bd3 Bxd3 24. Qxd3 e4 25. Qe2 Kf8 26. Qg4 Ke7 27.
c4 dxc4 28. Rxc4 d5 29. Rc7+ Kf6 30. Rh6+ Kg7 1-0

[Event "Early-Titled-Tuesday-Blitz-October-17-2023"]
[Site "Chess.com"]
[Date "2023.10.17"]
[Round "11"]
[White "The_Machine04"]
[Black "adotand"]
[Result "0-1"]
[WhiteElo "2710"]
[BlackElo "2865"]
[TimeControl "180+1"]
[EndTime "10:08:44 PDT"]
[Termination "adotand won on time"]

1. d4 Nf6 2. Nf3 g6 3. Nbd2 d5 4. e3 Bg7 5. b4 O-O 6. c4 c6 7. Be2 a5 8. b5 c5 9. dxc5 Ne4 10. Nxe4 Bxa1 11. cxd5 Bg7 12. O-O Nd7 13. Ba3 Ne5 14.
Nxe5 Bxe5 15. f4 Bg7 16. Ng3 h5 17. e4 h4 18. Nh1 h3 19. g4 a4 20. Nf2 Qa5 21. Qd3 e6 22. d6 Bd7 23. Nxh3 Qc3 24.
Qxc3 Bxc3 25. Rc1 Bd4+ 26. Kg2 e5 27. c6 Be6 28. d7 bxc6 29. Bxf8 Kxf8 30. bxc6 Ke7 0-1

[Event "Early-Titled-Tuesday-Blitz-October-17-2023"]
[Site "Chess.com"]
[Date "2023.10.17"]
[Round "11"]
[White "suyu28"]
[Black "Ural_bogatyr"]
[Result "1-0"]
[WhiteElo "2739"]
[BlackElo "2549"]
[TimeControl "180+1"]
[EndTime "10:08:44 PDT"]
[Termination "suyu28 won by resignation"]

1. e4 e5 2. Nf3 Nc6 3. Bb5 a6 4. Ba4 Bc5 5. O-O Nge7 6. c3 Ba7 7. d3 Ng6 8. Re1 O-O 9. Be3 Bxe3 10. Rxe3 d6 11.
Nbd2 f5 12. exf5 Bxf5 13. d4 exd4 14. cxd4 Kh8 15. Bxc6 bxc6 16. Qa4 Bd7 17. Rae1 c5 18. Qc4 cxd4 19. Qxd4 Rb8 20. b3 Rb5 21. Qc4 a5 22. Qc3 Rc5 23. Qb2 Rh5 24. Ne4 h6 25. Ng3 Rc5 26. Nd4 Qf6 27. Ne4 Qh4 28. Nxc5 dxc5 29. Nf3 Qg4 30. Ne5 Nxe5 31. Qxe5 Qd4 32. Qxc7 Bg4 33. h3 Bh5 34. Qe5 Qd2 35. Qxh5 1-0

[Event "Early-Titled-Tuesday-Blitz-October-17-2023"]
[Site "Chess.com"]
[Date "2023.10.17"]
[Round "11"]
[White "Sadykov_Ramil"]
[Black "andrzej"]
[Result "0-1"]
[WhiteElo "2604"]
[BlackElo "2512"]
[TimeControl "180+1"]
[EndTime "10:08:50 PDT"]
[Termination "andrzej won by resignation"]

1. Nf3 d5 2. g3 c5 3. Bg2 Nc6 4. d4 Nf6 5. O-O e6 6. c4 dxc4 7. Qa4 Bd7 8. Qxc4 b5 9. Qd3 c4 10. Qd1 Rc8 11. Bg5 Be7 12. Bxf6 Bxf6 13. e4 O-O 14. e5 Be7 15. Nc3 Nb4 16. a4 a6 17.
axb5 axb5 18. d5 exd5 19. Nxd5 Nxd5 20. Qxd5 Bc6 21. Qxd8 Rfxd8 22. Rfd1 Bc5 23. Ng5 Bxg2 24. Kxg2 h6 25. Ne4 Bd4 26. Nd6 Bxb2 27. Nxc8 Rxc8 28.
Rab1 c3 29. Rxb2 cxb2 30. Rb1 Rc2 31. Kf3 Kf8 32. Ke3 Ke7 33. h4 Ke6 34. f4 Kd5 35. g4 Kc4 36. h5 Kb3 37. Kd3 Rg2 38. f5 Rxg4 39. e6 fxe6 40. fxe6 Rc4 41. e7 Rc8 42. Re1 Re8 0-1

[Event "Early-Titled-Tuesday-Blitz-October-17-2023"]
[Site "Chess.com"]
[Date "2023.10.17"]
[Round "11"]
[White "Khuslen2008"]
[Black "Mr_Lion22"]
[Result "0-1"]
[WhiteElo "2305"]
[BlackElo "2491"]
[TimeControl "180+1"]
[EndTime "10:08:52 PDT"]
[Termination "Mr_Lion22 won by checkmate"]

1. d4 d5 2. c4 e6 3. Nc3 c6 4. e4 dxe4 5. Nxe4 Bb4+ 6. Bd2 Qxd4 7. Bxb4 Qxe4+ 8. Be2 Na6 9. Ba5 b6 10. Bc3 f6 11. Nf3 Bb7 12. b4 Rd8 13. Qb3 Ne7 14. Qb2 O-O 15. O-O c5 16. b5 Nc7 17.
Rfe1 Qg6 18. Nh4 Qh6 19. Bf3 Bxf3 20. Nxf3 Nf5 21. a4 e5 22. a5 Ne6 23. axb6 axb6 24.
Ra6 Rd3 25. Nd2 Nf4 26. Ne4 Nh4 27. Ng3 Nf3+ 28. Kf1 Nxh2+ 29. Kg1 Ng4 30. Rxb6 Qh2+ 31. Kf1 Qxg2# 0-1

[Event "Early-Titled-Tuesday-Blitz-October-17-2023"]
[Site "Chess.com"]
[Date "2023.10.17"]
[Round "11"]
[White "Roedor"]
[Black "LeRoidesChampions"]
[Result "0-1"]
[WhiteElo "2452"]
[BlackElo "2704"]
[TimeControl "180+1"]
[EndTime "10:08:53 PDT"]
[Termination "LeRoidesChampions won by resignation"]

1. d4 Nf6 2. c4 e6 3. g3 Bb4+ 4. Bd2 a5 5. Bg2 O-O 6. Nf3 d6 7. O-O Nc6 8. Nc3 Bd7 9. Qc2 Re8 10. Rfd1 Qe7 11. Bg5 Bxc3 12. Qxc3 Ne4 13. Qe3 Nxg5 14. Nxg5 e5 15. Bd5 Nd8 16. dxe5 dxe5 17. c5 c6 18. Bc4 Ne6 19. Nxe6 Bxe6 20. Bxe6 Qxe6 21. Rd6 Qc4 22. b3 Qb4 23. Rad1 a4 24. bxa4 Qxa4 25. Rd7 Qxa2 26.
Rxb7 Qc4 27. Rdd7 Qe6 28. Rd6 Qh3 29. Rb1 Re6 30. Qa3 Rae8 31. Rd7 Rh6 32. Qf3 Qxh2+ 33. Kf1 Qh1+ 34. Qxh1 Rxh1+ 35. Kg2 Rxb1 0-1

[Event "Early-Titled-Tuesday-Blitz-October-17-2023"]
[Site "Chess.com"]
[Date "2023.10.17"]
[Round "11"]
[White "Russian_berezka"]
[Black "ckgchess"]
[Result "0-1"]
[WhiteElo "2684"]
[BlackElo "2882"]
[TimeControl "180+1"]
[EndTime "10:08:55 PDT"]
[Termination "ckgchess won on time"]

1. d4 Nf6 2. c4 e6 3. Nc3 Bb4 4. e3 O-O 5. Bd2 b6 6. Bd3 Bb7 7. Nf3 d5 8. cxd5 exd5 9. Rc1 Re8 10. Ne5 c5 11. a3 cxd4 12. axb4 Rxe5 13. Ne2 dxe3 14.
Bxe3 Nc6 15. b5 Nb4 16. Nd4 Ng4 17. Qd2 Nxe3 18. fxe3 Qh4+ 19. g3 Qe7 20. Kf2 Re8 21. Rhe1 Nxd3+ 22. Qxd3 h5 23. Nc6 Qf6+ 24. Kg1 Rg5 25. Rf1 Qd6 26. Rf4 h4 27. Kf2 d4 28.
Qxd4 hxg3+ 29. hxg3 Rd5 30. Qc4 Rd2+ 31. Kg1 Qg6 32.
Rg4 Qh6 0-1

[Event "Early-Titled-Tuesday-Blitz-October-17-2023"]
[Site "Chess.com"]
[Date "2023.10.17"]
[Round "11"]
[White "Arystanner"]
[Black "Firouzja2003"]
[Result "1-0"]
[WhiteElo "2852"]
[BlackElo "3087"]
[TimeControl "180+1"]
[EndTime "10:09:00 PDT"]
[Termination "Arystanner won on time"]

1. e4 c6 2. d4 d5 3. exd5 cxd5 4. Nf3 Nc6 5. c3 Bg4 6. h3 Bh5 7. Qb3 Qd7 8. Ne5 Nxe5 9. dxe5 a6 10. c4 dxc4 11. Bxc4 e6 12. Nc3 Ne7 13. O-O Nc6 14. g4 Bg6 15. Rd1 Qc7 16. Bf1 Be7 17. Bg2 O-O 18. Be3 Rab8 19. f4 Na5 20. Qb6 Qxb6 21. Bxb6 Nc4 22. Ba7 Rbd8 23. b3 Nb2 24. Rxd8 Rxd8 25.
Rf1 Bd3 26. Rf2 Bb4 27. Rxb2 Bxc3 28. Rf2 g5 29. Bb6 Rd7 30. fxg5 Bxe5 31. Rd2 Bf4 32. Rd1 Bxg5 33. Be4 Bb5 34. Rxd7 Bxd7 35. Bxb7 Bb5 36. a4 Bd3 37. b4 Bd2 38. b5 axb5 39. a5 b4 40. a6 Bxa6 41. Bxa6 b3 42. Bd4 Bc1 43.
Bd3 b2 44. Kf2 h6 45. Bf6 Kf8 46. Ke2 Ke8 47. Kd1 Kd7 48. Kc2 Kd6 49. h4 Kd5 50.
h5 e5 51. g5 Ke6 52. Bd8 hxg5 53. h6 1-0

[Event "Early-Titled-Tuesday-Blitz-October-17-2023"]
[Site "Chess.com"]
[Date "2023.10.17"]
[Round "11"]
[White "Martial2008"]
[Black "MightyGMpretender"]
[Result "1-0"]
[WhiteElo "2664"]
[BlackElo "2821"]
[TimeControl "180+1"]
[EndTime "10:09:01 PDT"]
[Termination "Martial2008 won by resignation"]

1. d4 Nf6 2. Nf3 d5 3. Bf4 c5 4. e3 cxd4 5. exd4 Nc6 6. Nbd2 Bf5 7. c3 e6 8. Bb5 Bd6 9. Ne5 Qc7 10. O-O O-O 11.
Re1 Nd7 12. Nxd7 Qxd7 13. Bxd6 Qxd6 14. Nf3 Bg4 15. h3 Bxf3 16. Qxf3 a6 17. Bd3 b5 18. a3 Rab8 19. Qe2 Na5 20. g3 Nc4 21. Kg2 a5 22. h4 Rfc8 23. h5 b4 24. axb4 axb4 25. h6 g6 26. Ra7 Rc7 27. Rxc7 Qxc7 28. Qf3 Qd8 29. Bxc4 dxc4 30. Qf4 bxc3 31. bxc3 Rb5 32. Ra1 Rb8 33. Ra7 Qf8 34. Rxf7 Qxf7 35. Qxb8+ Qf8 36. Qxf8+ Kxf8 37. Kf3 Ke7 38. Ke4 Kd6 39. f4 1-0

[Event "Early-Titled-Tuesday-Blitz-October-17-2023"]
[Site "Chess.com"]
[Date "2023.10.17"]
[Round "11"]
[White "Magila31"]
[Black "MerryPoppies"]
[Result "1-0"]
[WhiteElo "2361"]
[BlackElo "2152"]
[TimeControl "180+1"]
[EndTime "10:09:03 PDT"]
[Termination "Magila31 won by resignation"]

1. Nf3 d5 2. c4 e6 3. g3 c6 4. Bg2 Nf6 5. O-O Be7 6. d4 O-O 7. Nc3 Nbd7 8. Qd3 b6 9. e4 Ba6 10. b3 dxe4 11. Nxe4 Rc8 12. Rd1 Nxe4 13. Qxe4 Nf6 14.
Qc2 Qc7 15. Bf4 Bd6 16. Bg5 Nd7 17. Be3 e5 18. Ng5 g6 19. Qe4 f5 20. Qh4 Nf6 21.
Ne6 Qf7 22. Nxf8 Rxf8 23. dxe5 Bxe5 24. Bd4 Ng4 25. Bxe5 Nxe5 26. Re1 Re8 27. Qd4 Qf6 28. Qd2 Bb7 29. f4 Rd8 30. fxe5 Qe7 1-0

[Event "Early-Titled-Tuesday-Blitz-October-17-2023"]
[Site "Chess.com"]
[Date "2023.10.17"]
[Round "11"]
[White "CraiggoryC"]
[Black "dianamirza"]
[Result "0-1"]
[WhiteElo "2182"]
[BlackElo "2000"]
[TimeControl "180+1"]
[EndTime "10:09:03 PDT"]
[Termination "dianamirza won by checkmate"]

1. e4 d5 2. exd5 Qxd5 3. Nc3 Qd8 4. d4 Nf6 5. Nf3 Bg4 6. h3 Bxf3 7. Qxf3 c6 8. g4 Qxd4 9. g5 Nd5 10. Bd2 Qe5+ 11.
Be2 Nxc3 12. Bxc3 Qxg5 13. Rd1 Nd7 14. Kf1 O-O-O 15. Rg1 Qh6 16. Qxf7 Qxh3+ 17. Ke1 Qh2 18. Rg3 Qh1+ 19. Bf1 Qe4+ 20. Re3 Qg6 21. Qf4 e5 22. Bxe5 Nxe5 23. Rxd8+ Kxd8 24. Qxe5 Bd6 25. Qd4 Kc7 26. Qxa7 Qxc2 27. Rd3 Re8+ 28. Re3 Bb4# 0-1

[Event "Early-Titled-Tuesday-Blitz-October-17-2023"]
[Site "Chess.com"]
[Date "2023.10.17"]
[Round "11"]
[White "esrosenberg"]
[Black "TregubovP"]
[Result "1/2-1/2"]
[WhiteElo "2438"]
[BlackElo "2609"]
[TimeControl "180+1"]
[EndTime "10:09:04 PDT"]
[Termination "Game drawn by repetition"]

1. d4 Nf6 2. Nf3 c5 3. d5 b5 4. e4 Nxe4 5. Bd3 Nd6 6. Bf4 c4 7. Be2 g6 8. O-O Bg7 9. Be5 O-O 10. Bxg7 Kxg7 11. a4 Bb7 12. axb5 Nxb5 13. Bxc4 Qb6 14. Nc3 Nxc3 15. bxc3 d6 16. Rb1 Qc7 17. Qd4+ Kg8 18. h4 Nd7 19. h5 Rfc8 20. h6 Nf6 21. Ba2 Ba6 22. Rfe1 Qxc3 23. Rxe7 Qxd4 24. Nxd4 Ng4 25. Nc6 Nxh6 26. Rd7 Re8 27. f3 Bc8 28. Rxa7 Rxa7 29.
Nxa7 Bf5 30. Bb3 Re2 31. Nb5 Bxc2 32. Bxc2 Rxc2 33. Nxd6 Rd2 34. Rb8+ Kg7 35. Ne8+ Kf8 36. d6 Nf5 37. Nf6+ Kg7 38. d7 Kxf6 39. d8=Q+ Rxd8 40. Rxd8 h5 41. Kf2 h4 42. Rh8 Kg7 43. Ra8 Kf6 44.
Ra6+ Kg5 45. Ra5 Kf6 46. Ra6+ Kg5 47. Ra7 Kf6 48. Ra6+ 1/2-1/2

[Event "Early-Titled-Tuesday-Blitz-October-17-2023"]
[Site "Chess.com"]
[Date "2023.10.17"]
[Round "11"]
[White "attack2mateU"]
[Black "SanchezKelvin"]
[Result "1-0"]
[WhiteElo "2719"]
[BlackElo "2569"]
[TimeControl "180+1"]
[EndTime "10:09:06 PDT"]
[Termination "attack2mateU won by resignation"]

1. e4 e5 2. Nf3 Nc6 3. Bc4 Bc5 4. c3 Nf6 5. d3 d6 6. O-O a5 7. Re1 h6 8. Nbd2 O-O 9. h3 Be6 10. Bb5 Ne7 11. d4 exd4 12. cxd4 Bb6 13. Bd3 c5 14. d5 Bc8 15. Nc4 Ng6 16. a4 Bc7 17. Be3 Nd7 18.
Qd2 Qf6 19. Re2 Re8 20. Rae1 b6 21. b3 Ba6 22. Nh2 Bxc4 23. bxc4 Qe7 24. f4 Ngf8 25.
Bb1 Qd8 26. Bf2 Qb8 27. Ng4 Bd8 28. e5 h5 29. e6 fxe6 30. dxe6 Nf6 31. Nxf6+ Bxf6 32. e7 Nd7 33. Qd5+ 1-0

[Event "Early-Titled-Tuesday-Blitz-October-17-2023"]
[Site "Chess.com"]
[Date "2023.10.17"]
[Round "11"]
[White "KorolDimitriy75"]
[Black "Deadmold"]
[Result "0-1"]
[WhiteElo "2352"]
[BlackElo "2215"]
[TimeControl "180+1"]
[EndTime "10:09:07 PDT"]
[Termination "Deadmold won by checkmate"]

1. d4 d5 2. c4 e6 3. Nc3 c5 4. cxd5 exd5 5. Nf3 Nc6 6. g3 c4 7. Bg2 Bb4 8. O-O Nge7 9. e4 O-O 10. Nxd5 Nxd5 11. exd5 Qxd5 12. Be3 Qb5 13. d5 Rd8 14. Nd4 Nxd4 15. Qxd4 Bf5 16. Rfd1 Ba5 17. Rac1 Bb6 18. Qxc4 Qxb2 19. Bxb6 Qxb6 20. Qc7 Qb2 21. Qf4 g6 22. d6 Rd7 23. Bd5 Rad8 24. Rc7 Rxd6 25. Bxf7+ Kh8 26. Rxd6 Rxd6 27. Qxd6 Qb1+ 28. Kg2 Qe4+ 29.
Kg1 Qb1+ 30. Kg2 Qe4+ 31. Kf1 Bh3+ 32. Kg1 Qg2# 0-1

[Event "Early-Titled-Tuesday-Blitz-October-17-2023"]
[Site "Chess.com"]
[Date "2023.10.17"]
[Round "11"]
[White "vladgoncharov"]
[Black "Harry_Rakkel"]
[Result "1-0"]
[WhiteElo "2582"]
[BlackElo "2696"]
[TimeControl "180+1"]
[EndTime "10:09:09 PDT"]
[Termination "vladgoncharov won on time"]

1. d4 Nf6 2. c4 e6 3. Nc3 Bb4 4. e3 O-O 5. Bd3 c5 6. Ne2 d5 7.
cxd5 exd5 8. dxc5 Nbd7 9. a3 Bxc5 10. b4 Bd6 11. Bb2 Ne5 12. h3 Qe7 13. O-O a6 14. Nf4 Be6 15. Nce2 Rac8 16. Bd4 Ne4 17. Nxe6 fxe6 18.
Bxe4 dxe4 19. Bxe5 Bxe5 20. Rc1 Rcd8 21. Qb3 Rd3 22.
Qc4 Rxa3 23. Qxe4 Bb8 24. Nd4 e5 25. Nf5 Qf6 26. g4 g6 27. Qd5+ Kh8 28. Ng3 Qh4 29. Kg2 e4 30. Nxe4 Ra4 31. Qxb7 Ra2 32. Rc8 1-0

[Event "Early-Titled-Tuesday-Blitz-October-17-2023"]
[Site "Chess.com"]
[Date "2023.10.17"]
[Round "11"]
[White "a-z30"]
[Black "Kostya0705"]
[Result "1/2-1/2"]
[WhiteElo "2520"]
[BlackElo "2633"]
[TimeControl "180+1"]
[EndTime "10:09:09 PDT"]
[Termination "Game drawn by repetition"]

1. d3 d5 2. Nf3 Nf6 3. g3 c5 4.
Bg2 Nc6 5. O-O e5 6. c4 Be7 7.
Bg5 Be6 8. Bxf6 Bxf6 9. cxd5 Bxd5 10. Nc3 Be6 11. Rc1 Be7 12. Ne4 b6 13. Qa4 Qd7 14. b4 Nxb4 15. Qxd7+ Bxd7 16. Nxe5 Nxa2 17. Ra1 Nb4 18.
Nc3 Rd8 19. Rxa7 Be6 20. Nc6 Nxc6 21. Bxc6+ Bd7 22. Rxd7 Rxd7 23. Nd5 Kd8 24. Bxd7 Kxd7 25. Nxb6+ Kc6 26. Nc4 Ra8 27. Ne5+ Kd5 28. Nc4 Ra2 29. e3 Bf6 30. Rd1 h5 31. h3 g6 32. Kg2 Bc3 33. Kf3 f6 34. g4 hxg4+ 35. hxg4 Be5 36. Rd2 Ra1 37. Rc2 Bc7 38. Nd2 Ra3 39. Ke2 f5 40.
gxf5 gxf5 41. Nc4 Ra1 42. Nd2 Ra3 43. Nf3 Bd6 44. Nd2 Ra1 45. Nc4 Bc7 46. Rb2 Kc6 47.
Rc2 Kd5 1/2-1/2

[Event "Early-Titled-Tuesday-Blitz-October-17-2023"]
[Site "Chess.com"]
[Date "2023.10.17"]
[Round "11"]
[White "lluiss"]
[Black "supereagles1201"]
[Result "1/2-1/2"]
[WhiteElo "2169"]
[BlackElo "2354"]
[TimeControl "180+1"]
[EndTime "10:09:10 PDT"]
[Termination "Game drawn by repetition"]

1. Nf3 d5 2. d4 e6 3. c4 a6 4.
cxd5 exd5 5. Nc3 c6 6. Bg5 Be7 7. Bxe7 Qxe7 8. e3 Bf5 9. Bd3 Bxd3 10. Qxd3 Nf6 11. O-O Nbd7 12. Rab1 O-O 13. b4 Ne4 14. Na4 Nd6 15. Nd2 f5 16. Nc5 Nb6 17. g3 Kh8 18. a4 g5 19. Rbe1 Rae8 20. a5 Nbc4 21. Nxc4 Nxc4 22. Qc3 Qg7 23. Kh1 Re7 24. Nb3 Rfe8 25.
Nd2 Nd6 26. Qc5 Ne4 27. Nxe4 fxe4 28. Re2 Qf6 29. Qc2 Rf8 30. Rd2 Ref7 31. Kg1 Qf3 32.
Qd1 Qxd1 33. Rfxd1 h5 34. h3 h4 35. g4 Rf3 36.
Kg2 Kg7 37. Rc1 R8f6 38. Rcc2 Kf7 39. Rd1 Ke7 40. Rdc1 Kd7 41. Rd1 Rf8 42. Rdc1 R3f6 43. Ra1 Ra8 44. Rca2 Rff8 45. Rc1 Rfb8 46. Rc5 b6 47. axb6 Rxb6 48. Ra4 Rab8 49. Rca5 Rxb4 50. Rxa6 Rxa4 51. Rxa4 Kc7 52. Ra7+ Rb7 53. Ra8 Rb8 54. Ra7+ Rb7 55. Ra8 Rb8 56. Ra7+ 1/2-1/2

[Event "Early-Titled-Tuesday-Blitz-October-17-2023"]
[Site "Chess.com"]
[Date "2023.10.17"]
[Round "11"]
[White "Sokoloco"]
[Black "whitemirrorninja"]
[Result "0-1"]
[WhiteElo "2705"]
[BlackElo "2572"]
[TimeControl "180+1"]
[EndTime "10:09:11 PDT"]
[Termination "whitemirrorninja won on time"]

1. b3 b6 2. Bb2 Bb7 3. e3 e6 4. Nf3 Nf6 5. d4 Be7 6. Bd3 O-O 7. O-O c5 8. Nbd2 cxd4 9. exd4 Nc6 10. a3 d5 11. Ne5 Nxe5 12. dxe5 Nd7 13. Nf3 Re8 14. Qd2 Nf8 15. Nd4 Qc8 16. Qe2 a5 17. f4 Ba6 18. f5 Bxd3 19. cxd3 exf5 20. Nxf5 Ng6 21. Qf3 Qe6 22. Nd4 Nxe5 23. Qg3 Qg4 24. Nf5 Qxg3 25. hxg3 Bf6 26. Rad1 Re6 27. Nd4 Ree8 28. Nb5 Rec8 29. Bd4 Rc6 30. Rfe1 Nd7 31. Bxf6 Nxf6 32. Re5 Re6 33.
Rde1 Rae8 34. Rxe6 Rxe6 35. Rc1 h5 36. Kf2 Ng4+ 37.
Kf3 g5 0-1

[Event "Early-Titled-Tuesday-Blitz-October-17-2023"]
[Site "Chess.com"]
[Date "2023.10.17"]
[Round "11"]
[White "jcibarra"]
[Black "jk13"]
[Result "1-0"]
[WhiteElo "2886"]
[BlackElo "2686"]
[TimeControl "180+1"]
[EndTime "10:09:12 PDT"]
[Termination "jcibarra won by resignation"]

1. e4 e5 2. Nf3 Nc6 3. Bb5 a6 4. Bxc6 dxc6 5. O-O f6 6. d4 Bg4 7. c3 Qe7 8. dxe5 fxe5 9. h3 Bh5 10. Qd3 Qd6 11. Qe3 O-O-O 12. Nbd2 Qf6 13. Qa7 Bd6 14. Qa8+ Kd7 15. Qxb7 Ne7 16. Qxa6 g5 17. Nh2 Rhf8 18. Nb3 Ng6 19. g4 Nf4 20. Bxf4 exf4 21. gxh5 f3 22. Rad1 g4 23. Nc5+ Ke7 24. e5 Bxe5 25.
Nxg4 Rg8 26. Rxd8 Rxg4+ 27. hxg4 Qh4 28. Re8+ Kxe8 29. Qc8+ Ke7 30. Qe6+ Kf8 31. Nd7+ Kg7 32. Qxe5+ Kh6 33. Qf6+ 1-0

[Event "Early-Titled-Tuesday-Blitz-October-17-2023"]
[Site "Chess.com"]
[Date "2023.10.17"]
[Round "11"]
[White "chrisclaireredfield"]
[Black "GP9isback23"]
[Result "1/2-1/2"]
[WhiteElo "2554"]
[BlackElo "2665"]
[TimeControl "180+1"]
[EndTime "10:09:14 PDT"]
[Termination "Game drawn by repetition"]

1. Nf3 Nf6 2. g3 b6 3. Bg2 Bb7 4. c4 e6 5. O-O Be7 6. b3 O-O 7.
Bb2 d5 8. e3 Nbd7 9. Nc3 c5 10.
cxd5 Nxd5 11. d4 Rc8 12. Rc1 N7f6 13. Nxd5 Bxd5 14. Qe2 cxd4 15. Bxd4 Qd7 16. Rfd1 Qb7 17. h3 Rfd8 18. Kh2 h6 19. Bb2 Ne4 20. Ne5 Nf6 21.
Bxd5 Rxd5 22. Rxc8+ Qxc8 23. Rxd5 Nxd5 24. e4 Nf6 25.
Ng4 Nxg4+ 26. Qxg4 Bf8 27. Qe2 Qc5 28. Kg2 Qa5 29.
Ba1 Qa3 30. Qc2 Qb4 31. g4 Bc5 32. Qd3 Bf8 33. Qc2 Qa3 34. h4 Qb4 35. h5 Qb5 36. Bd4 Qb4 37. Qc3 Qa3 38. Qb2 Qb4 39. Qc3 Qa3 40.
Qb2 Qb4 41. Qc3 1/2-1/2

[Event "Early-Titled-Tuesday-Blitz-October-17-2023"]
[Site "Chess.com"]
[Date "2023.10.17"]
[Round "11"]
[White "invisible_s0ul"]
[Black "Kotofeyca"]
[Result "0-1"]
[WhiteElo "2265"]
[BlackElo "2398"]
[TimeControl "180+1"]
[EndTime "10:09:14 PDT"]
[Termination "Kotofeyca won by resignation"]

1. e4 c5 2. Nf3 d6 3. d4 cxd4 4. Nxd4 Nf6 5. Nc3 a6 6. Be3 Ng4 7. Be2 Nxe3 8. fxe3 g6 9. O-O Bh6 10. Qd3 O-O 11. a4 Nd7 12. b4 Ne5 13. Qd2 Be6 14. Nd5 Rc8 15. Nxe6 fxe6 16. Nf4 Qd7 17. b5 a5 18. Qxa5 Rxc2 19. Bf3 Bxf4 20. exf4 Rxf4 21.
Qe1 Qc7 22. Qg3 Rf8 23. a5 Qc5+ 24. Kh1 Qxb5 25. Rfb1 Rb2 26. Rxb2 Qxb2 27. Rf1 Qa3 28. Qh3 Rf6 29. Qg3 Qxa5 30. h3 Qb5 31. Kh2 Qxf1 32.
Bg4 Nxg4+ 33. Qxg4 0-1

[Event "Early-Titled-Tuesday-Blitz-October-17-2023"]
[Site "Chess.com"]
[Date "2023.10.17"]
[Round "11"]
[White "ActorXu"]
[Black "Beca95"]
[Result "1-0"]
[WhiteElo "2821"]
[BlackElo "2913"]
[TimeControl "180+1"]
[EndTime "10:09:16 PDT"]
[Termination "ActorXu won by resignation"]

1. e4 e5 2. Nf3 Nc6 3. Bc4 Nf6 4.
d3 Bc5 5. O-O d6 6. c3 a5 7.
Nbd2 Ba7 8. Re1 h6 9. Nf1 O-O 10. h3 Be6 11. Bb5 Ne7 12. Ng3 c6 13. Ba4 Ng6 14.
d4 b5 15. Bc2 a4 16. Be3 Re8 17. Qd2 c5 18. b3 cxd4 19. cxd4 Bb6 20. d5 Bxe3 21.
Qxe3 Bd7 22. bxa4 bxa4 23. Bd3 Nf4 24. Bf1 Qa5 25. Nd2 Bb5 26. Bxb5 Qxb5 27. Nf5 Qa6 28. Rac1 g6 29. Rc6 gxf5 30. Rxa6 Rxa6 31. Kh2 fxe4 32. g3 Ng6 33. Qxh6 Rc8 34. Nxe4 Nxe4 35. Rxe4 Rc2 36.
Kg2 Rb6 37. Rxa4 Rc8 38. h4 1-0